[Event "Titled Tuesday Blitz August 08 Early 2023"]
[White "Veiga, Jose Francisco R P Neves"]
[Black "Atakhan, Abtin"]
[WhiteFideId "1930087"]
[BlackFideId "22502203"]
[WhiteElo "2565"]
[BlackElo "2817"]
[Result "0-1"]
[Round "2"]
[TimeControl "180+1"]
[Date "2023.08.08"]
[WhiteClock "0:01:15"]
[BlackClock "0:01:29"]
[Board "61"]

1. e4 c5 2. Nf3 d6 3. Bb5+ Nd7 4. O-O a6 5. Bd3 Ngf6 6. Re1 e6 7. c3 b5 8. a4 Bb7 9. Na3 c4 10. Bc2 Bc6 11. Nd4 Qb6 12. Nxc6 Qxc6 13. d4 d5 14. exd5 Nxd5 15. Bg5 Be7 16. Bxe7 Kxe7 17. Qg4 N7f6 18. Qg3 Rhb8 19. Qxg7 Rg8 20. Qh6 Rxg2+ 21. Kxg2 Ne3+ 22. Kg3 Qg2+ 23. Kf4 Nfd5+ 24. Ke5 Ng4# 0-1


[Site "https://www.chess.com"]

[Event "Titled Tuesday Blitz August 08 Early 2023"]
[White "Riehle, Marco"]
[Black "Thecourseoisildur"]
[WhiteFideId "12904392"]
[WhiteElo "2816"]
[BlackElo "2562"]
[Result "0-1"]
[Round "2"]
[TimeControl "180+1"]
[Date "2023.08.08"]
[WhiteClock "0:00:08"]
[BlackClock "0:00:30"]
[Board "62"]

1. e4 c5 2. a3 g6 3. h4 h5 4. Nc3 Bg7 5. Bc4 Nc6 6. d3 d6 7. Nf3 Bg4 8. Bg5 Nd4 9. Be3 Bxf3 10. gxf3 e6 11. Bxd4 Bxd4 12. Qd2 Qf6 13. f4 Nh6 14. O-O-O Ng4 15. Rdf1 O-O 16. Nd1 b5 17. Ba2 b4 18. f3 Nh6 19. c3 bxc3 20. bxc3 Rab8 21. cxd4 Qxd4 22. Qc3 Qa4 23. Rhg1 d5 24. f5 d4 25. Nb2 Qa6 26. Qd2 Qxa3 27. Bb1 exf5 28. Rg2 Rb6 29. Qxh6 Rfb8 30. Rff2 Qc3+ 31. Kd1 Rxb2 32. Rxb2 Rxb2 33. Rxb2 Qxb2 34. Bc2 fxe4 35. fxe4 a5 36. Qg5 a4 37. Bxa4 Qa1+ 38. Ke2 Qxa4 39. Qxc5 Qa2+ 40. Kf3 Qh2 41. Qxd4 Qh3+ 42. Ke2 Qxh4 43. Qc5 Qg4+ 44. Kd2 h4 45. d4 h3 46. Qe5 Qg2+ 47. Kd3 h2 48. Qe8+ Kg7 49. Qe5+ Kh7 50. Qf4 Qh3+ 51. Kc4 h1=Q 52. Qxf7+ Kh6 53. Qf8+ Kh5 54. Qh8+ Kg4 55. Qc8+ Kf3 56. Qf8+ Kxe4 57. Qe8+ Kf3 58. Qc6+ Ke2 59. Qe8+ Kd2 60. Qxg6 Qc3+ 61. Kb5 Qd5+ 62. Kb6 Qdb3+ 63. Ka7 Qc7+ 64. Ka6 Qa4# 0-1


[Site "https://www.chess.com"]

[Event "Titled Tuesday Blitz August 08 Early 2023"]
[White "SmirnovAlexandrA"]
[Black "Mayank Chakraborty"]
[BlackFideId "25659766"]
[WhiteElo "2561"]
[BlackElo "2816"]
[Result "0-1"]
[Round "2"]
[TimeControl "180+1"]
[Date "2023.08.08"]
[WhiteClock "0:00:00"]
[BlackClock "0:00:02"]
[Board "63"]

1. e4 e6 2. d4 d5 3. Nc3 Bb4 4. Ne2 dxe4 5. a3 Bxc3+ 6. Nxc3 Nc6 7. Be3 Nf6 8. Qd2 e5 9. d5 Ne7 10. O-O-O O-O 11. g4 Nxg4 12. Nxe4 f5 13. Nc3 Nxe3 14. fxe3 Kh8 15. Be2 a6 16. Rhg1 b5 17. h4 Qd6 18. h5 Bb7 19. e4 f4 20. Bf3 Ng8 21. Qg2 Rf7 22. Kb1 Nh6 23. Ne2 Raf8 24. Qf2 Bc8 25. Nc1 Re7 26. Nd3 Nf7 27. Rg2 Qh6 28. Rdg1 Nd6 29. Qh4 Qf6 30. Qh2 Nc4 31. b3 Ne3 32. Rg6 Qf7 33. Rxg7 Qxg7 34. Rxg7 Kxg7 35. Qh4 Kf7 36. h6 Ke8 37. Bh5+ Kd7 38. Bg4+ Nxg4 39. Qxg4+ Kd8 40. Qh4 f3 41. Nxe5 Bd7 42. Nxf3 Rxf3 43. e5 Rh3 44. Qg5 Rh1+ 45. Kb2 Rd1 46. c4 Be8 47. Qf6 Kd7 48. d6 cxd6 49. exd6 Rxd6 50. Qf5+ Kd8 51. cxb5 Bxb5 52. Qg5 Re6 53. a4 Bd7 54. Ka3 Bc8 55. Qd5+ Ke8 56. Qh5+ Rg6 57. Qd5 Bd7 58. Qa8+ Kf7 59. Qd5+ Be6 60. Qf3+ Rf6 61. Qh5+ Kf8 62. Qg5 Rf3 63. a5 Rxb3+ 64. Ka4 Rb5 65. Qf4+ Bf5 66. Qd6 Bc2+ 67. Ka3 Kf7 0-1


[Site "https://www.chess.com"]

[Event "Titled Tuesday Blitz August 08 Early 2023"]
[White "Klukin, Kirill"]
[Black "Ingebretsen, Jens E"]
[WhiteFideId "24199273"]
[BlackFideId "1522965"]
[WhiteElo "2812"]
[BlackElo "2561"]
[Result "0-1"]
[Round "2"]
[TimeControl "180+1"]
[Date "2023.08.08"]
[WhiteClock "0:00:07"]
[BlackClock "0:00:32"]
[Board "64"]

1. d4 d5 2. c4 e6 3. Nc3 Nf6 4. Nf3 c5 5. cxd5 Nxd5 6. e4 Nxc3 7. bxc3 cxd4 8. cxd4 Bb4+ 9. Bd2 Bxd2+ 10. Qxd2 O-O 11. Bc4 Nd7 12. O-O b6 13. Rfe1 Bb7 14. Rad1 Rc8 15. Bd3 Nf6 16. Qf4 Nh5 17. Qg4 Nf6 18. Qh4 h6 19. d5 exd5 20. e5 Ne4 21. Qf4 Qe7 22. h4 Rfe8 23. Nd4 Qxe5 24. Qxe5 Rxe5 25. f3 Nc3 26. Rxe5 Nxd1 27. Re7 Rb8 28. Nf5 Kf8 29. Rc7 Bc8 30. Nd6 Be6 31. Rxa7 Nb2 32. Bb5 Nc4 33. Nxc4 dxc4 34. Rc7 Ra8 35. a4 Rc8 36. Rxc8+ Bxc8 37. Bxc4 Bd7 38. Bb3 Ke7 39. Kf2 Kd6 40. Ke3 Kc5 41. Bxf7 Bxa4 42. g4 b5 43. f4 b4 44. Kd3 Bb5+ 45. Kc2 Bc4 46. Be8 Kd4 47. f5 Ke5 48. Bd7 Kf4 49. Kd2 Kxg4 50. f6+ Kxh4 51. fxg7 h5 52. Bb5 Bg8 53. Kc2 Kg5 54. Ba4 Kf6 55. Bd7 Kxg7 56. Kd3 Kf6 57. Kd4 Kg5 58. Bh3 Kh4 59. Bf1 Kg3 60. Kc5 b3 61. Bd3 h4 62. Kb4 h3 63. Kc3 h2 64. Be4 Kf2 65. Kb2 Kg1 0-1


[Site "https://www.chess.com"]

[Event "Titled Tuesday Blitz August 08 Early 2023"]
[White "Czerw, Dawid"]
[Black "Ashraf, Artin"]
[WhiteFideId "1145746"]
[BlackFideId "22514805"]
[WhiteElo "2560"]
[BlackElo "2812"]
[Result "1-0"]
[Round "2"]
[TimeControl "180+1"]
[Date "2023.08.08"]
[WhiteClock "0:00:03"]
[BlackClock "0:00:00"]
[Board "65"]

1. e4 c5 2. Nf3 d6 3. d4 cxd4 4. Nxd4 Nf6 5. Nc3 a6 6. h4 g6 7. h5 Nxh5 8. Rxh5 gxh5 9. Qxh5 Nc6 10. Nf3 Qa5 11. Ng5 Be6 12. Bd2 O-O-O 13. Nd5 Qc5 14. b4 Qxc2 15. Bxa6 Kb8 16. Rc1 Qxa2 17. Bxb7 Kxb7 18. Qe2 Nd4 19. Qd3 Bg7 20. Nf3 Bxd5 21. Nxd4 Qa6 22. b5 Qb6 23. Nc6 Bxe4 24. Qxe4 d5 25. Qxe7+ Ka8 26. Rc2 1-0


[Site "https://www.chess.com"]

[Event "Titled Tuesday Blitz August 08 Early 2023"]
[White "Bauman_Guy"]
[Black "Belov, Alexei"]
[BlackFideId "4128206"]
[WhiteElo "2807"]
[BlackElo "2559"]
[Result "1-0"]
[Round "2"]
[TimeControl "180+1"]
[Date "2023.08.08"]
[WhiteClock "0:01:55"]
[BlackClock "0:00:16"]
[Board "66"]

1. e4 e6 2. d4 d5 3. Nc3 Nf6 4. Bg5 dxe4 5. Nxe4 Be7 6. Nxf6+ Bxf6 7. Bxf6 Qxf6 8. Nf3 O-O 9. Qd3 Rd8 10. O-O-O c5 11. Qe4 Nc6 12. Bd3 g6 13. dxc5 e5 14. Qe3 Bg4 15. Be4 Nd4 16. c3 Nf5 17. Rxd8+ Rxd8 18. Qg5 Qxg5+ 19. Nxg5 f6 20. Ne6 Re8 21. Nc7 Rc8 22. Nd5 Kg7 23. f3 1-0


[Site "https://www.chess.com"]

[Event "Titled Tuesday Blitz August 08 Early 2023"]
[White "Girsh, Daniel"]
[Black "Lysyj, Igor"]
[WhiteFideId "30949190"]
[BlackFideId "4150120"]
[WhiteElo "2558"]
[BlackElo "2807"]
[Result "0-1"]
[Round "2"]
[TimeControl "180+1"]
[Date "2023.08.08"]
[WhiteClock "0:00:13"]
[BlackClock "0:00:14"]
[Board "67"]

1. c4 e6 2. Nc3 d5 3. d4 c5 4. cxd5 exd5 5. Nf3 Nc6 6. dxc5 d4 7. Na4 Bxc5 8. Nxc5 Qa5+ 9. Bd2 Qxc5 10. Rc1 Qb6 11. Qb3 Qxb3 12. axb3 Nge7 13. e3 dxe3 14. Bxe3 O-O 15. Bb5 Be6 16. Bc4 Bxc4 17. bxc4 Nf5 18. g4 Nxe3 19. fxe3 f5 20. gxf5 Rxf5 21. Ke2 Raf8 22. Rhf1 g6 23. Nd4 Rxf1 24. Rxf1 Rxf1 25. Kxf1 Ne5 26. b3 a6 27. Ne6 Nd7 28. Ke2 b6 29. b4 Kf7 30. Ng5+ Kg7 31. Kd3 a5 32. bxa5 bxa5 33. Kd4 a4 34. Ne4 a3 35. Nc3 g5 36. c5 g4 37. c6 Nb6 38. Kc5 Na4+ 39. Nxa4 a2 40. c7 a1=Q 41. Nb6 Qc3+ 42. Kd6 Qd2+ 43. Kc6 Qxh2 44. Nc4 Qc2 45. Kd5 Qf5+ 46. Kc6 g3 47. Nd6 Qe6 48. Kc5 g2 49. c8=Q Qxc8+ 50. Nxc8 g1=Q 51. Nd6 Qxe3+ 0-1


[Site "https://www.chess.com"]

[Event "Titled Tuesday Blitz August 08 Early 2023"]
[White "Santos Flores, Alberto"]
[Black "Christiansen, Johan-Sebastian"]
[WhiteFideId "3601234"]
[BlackFideId "1512668"]
[WhiteElo "2557"]
[BlackElo "2806"]
[Result "0-1"]
[Round "2"]
[TimeControl "180+1"]
[Date "2023.08.08"]
[WhiteClock "0:00:01"]
[BlackClock "0:00:09"]
[Board "68"]

1. e4 e5 2. Nf3 Nc6 3. Bb5 f5 4. d3 fxe4 5. dxe4 Nf6 6. Nc3 Bb4 7. O-O Bxc3 8. bxc3 d6 9. Re1 O-O 10. h3 Ne7 11. Bc4+ Kh8 12. Ng5 Qe8 13. Ne6 Bxe6 14. Bxe6 Ng6 15. Bb3 Nh4 16. g3 Qg6 17. Qd3 Nh5 18. Re3 Nf4 19. Qf1 Nfg2 20. Rd3 Nf4 21. Re3 Nhg2 22. Rf3 Nxh3+ 23. Kxg2 Rxf3 24. Kxf3 Rf8+ 25. Kg2 Rxf2+ 26. Qxf2 Nxf2 27. Kxf2 Qxe4 28. Be3 d5 29. Re1 Qf5+ 30. Kg2 Qe4+ 31. Kf2 h6 32. Bd2 Qf5+ 33. Kg2 e4 34. Rf1 Qh5 35. Rf2 c6 36. Be3 b6 37. c4 Qd1 38. cxd5 cxd5 39. Rd2 Qe1 40. Bf4 e3 41. Rxd5 Qf2+ 42. Kh3 Kh7 43. Re5 e2 44. Bd2 Qf1+ 45. Kh2 Qf2+ 46. Kh3 Qf1+ 47. Kh2 Qd1 48. Bc3 Qf1 49. Bc4 Qf2+ 50. Kh3 Qf1+ 51. Kh2 e1=Q 52. Bxe1 Qxc4 53. Re3 Qxc2+ 54. Kh3 Qxa2 55. Rf3 Qe6+ 56. Kg2 Qxe1 0-1


[Site "https://www.chess.com"]

[Event "Titled Tuesday Blitz August 08 Early 2023"]
[White "FoxOnTheRun97"]
[Black "Mikhailovsky, Vladimir"]
[BlackFideId "34105414"]
[WhiteElo "2556"]
[BlackElo "2806"]
[Result "0-1"]
[Round "2"]
[TimeControl "180+1"]
[Date "2023.08.08"]
[WhiteClock "0:00:02"]
[BlackClock "0:00:11"]
[Board "69"]

1. d4 d6 2. c4 e5 3. dxe5 dxe5 4. Qxd8+ Kxd8 5. g3 c6 6. Bg2 Be6 7. b3 Kc7 8. Bb2 f6 9. f4 Nd7 10. Nf3 Bd6 11. e3 Nh6 12. Nbd2 exf4 13. exf4 Nc5 14. Bf1 Bf5 15. O-O-O Ng4 16. Nd4 Bg6 17. b4 Nd3+ 18. Bxd3 Bxd3 19. c5 Bf8 20. Ne4 Bc4 21. h3 Nh6 22. Nc3 Re8 23. Rhe1 Be7 24. Ne6+ Bxe6 25. Rxe6 Bd8 26. Rdd6 Rxe6 27. Rxe6 Kd7 28. Rd6+ Kc7 29. Re6 Nf7 30. h4 Kd7 31. f5 Nh6 32. Rd6+ Kc7 33. b5 Nxf5 34. Rd3 Be7 35. b6+ axb6 36. cxb6+ Kxb6 37. Rd7 Rd8 38. Na4+ Kb5 39. Nc3+ Ka6 40. Rxd8 Bxd8 41. Ne4 Be7 42. Kc2 c5 43. h5 b5 44. g4 Ne3+ 45. Kd3 Nxg4 46. Ke2 Kb6 47. Kf3 Nh6 48. Kf4 Kc6 49. Bc3 Bd6+ 50. Kf3 b4 51. Bb2 Nf7 52. Ke3 Be5 53. Bc1 Nd6 54. Nf2 Bd4+ 55. Ke2 Bxf2 56. Kxf2 g6 57. hxg6 hxg6 58. Ke3 Kd5 59. Bb2 Nc4+ 0-1


[Site "https://www.chess.com"]

[Event "Titled Tuesday Blitz August 08 Early 2023"]
[White "Remizov, Yaroslav"]
[Black "Al-Tarboush, Ward"]
[WhiteFideId "34134015"]
[BlackFideId "7601450"]
[WhiteElo "2805"]
[BlackElo "2556"]
[Result "1-0"]
[Round "2"]
[TimeControl "180+1"]
[Date "2023.08.08"]
[WhiteClock "0:01:02"]
[BlackClock "0:01:12"]
[Board "70"]

1. e4 c5 2. Nf3 e6 3. b3 Nc6 4. Bb2 d6 5. d4 Nf6 6. d5 Ne7 7. Nc3 e5 8. Bb5+ Bd7 9. Qe2 Ng6 10. g3 a6 11. Bxd7+ Qxd7 12. a4 Be7 13. h4 h5 14. Nd2 O-O 15. Nc4 Bd8 16. a5 Ng4 17. O-O-O Bc7 18. Rdg1 Qd8 19. f3 Nh6 20. g4 Nf4 21. Qh2 Kh8 22. Ne2 Nxe2+ 23. Qxe2 Bxa5 24. g5 Ng8 25. f4 g6 26. Nxd6 f6 27. Nxb7 Qb6 28. Nxa5 Qxa5 29. gxf6 Kh7 30. fxe5 Rac8 31. Rxg6 Kxg6 32. Rg1+ Kh6 33. Rg5 Qe1+ 34. Qxe1 Nxf6 35. exf6 Rxf6 36. Bxf6 1-0


[Site "https://www.chess.com"]

[Event "Titled Tuesday Blitz August 08 Early 2023"]
[White "Sethuraman, S.P."]
[Black "Olivares Olivares, Claudio"]
[WhiteFideId "5021596"]
[BlackFideId "3400786"]
[WhiteElo "2802"]
[BlackElo "2555"]
[Result "1-0"]
[Round "2"]
[TimeControl "180+1"]
[Date "2023.08.08"]
[WhiteClock "0:00:23"]
[BlackClock "0:01:08"]
[Board "71"]

1. Nf3 d5 2. d4 Nf6 3. Bf4 c5 4. e3 Nc6 5. Nbd2 Bf5 6. Bb5 e6 7. Ne5 Qb6 8. c4 a6 9. Qa4 Rc8 10. Bxc6+ bxc6 11. dxc5 Bxc5 12. O-O O-O 13. Nb3 Bd6 14. Nd7 Nxd7 15. Bxd6 c5 16. Bxf8 Nxf8 17. cxd5 exd5 18. Rfc1 Ne6 19. Qa5 Qa7 20. Nd2 h5 21. b4 c4 22. Qxd5 Bd3 23. Nxc4 Rd8 24. Nd6 Bg6 25. Rc8 Rxc8 26. Nxc8 Qb8 27. Ne7+ Kh7 28. Nxg6 Kxg6 29. Qd3+ Kh6 30. a3 Qb7 31. Rd1 h4 32. Qd5 Qc7 33. h3 Qc2 34. Qd3 Qb2 35. Qxa6 Qc2 36. Qd3 Qa4 37. b5 f6 38. b6 Ng5 39. b7 Qa7 40. Qb1 Qb8 41. Rd8 1-0


[Site "https://www.chess.com"]

[Event "Titled Tuesday Blitz August 08 Early 2023"]
[White "Rahman, Masruri"]
[Black "Colbow, Collin"]
[WhiteFideId "7101163"]
[BlackFideId "16201132"]
[WhiteElo "2796"]
[BlackElo "2554"]
[Result "0-1"]
[Round "2"]
[TimeControl "180+1"]
[Date "2023.08.08"]
[WhiteClock "0:00:02"]
[BlackClock "0:00:05"]
[Board "72"]

1. d4 Nf6 2. Bf4 d5 3. e3 Bf5 4. c4 e6 5. Nc3 c6 6. Qb3 Qc8 7. h3 Nbd7 8. Nf3 h6 9. Rc1 dxc4 10. Bxc4 Be7 11. Be2 Nd5 12. Bh2 Nxc3 13. Rxc3 O-O 14. O-O Nb6 15. Ne5 Nd5 16. Rcc1 a5 17. a3 Bd6 18. Bf3 Bxe5 19. Bxe5 Bg6 20. Rfe1 Rd8 21. Bg3 Qd7 22. Rc5 Nf6 23. Bh4 Re8 24. Bxf6 gxf6 25. h4 Kh8 26. h5 Bh7 27. Qc3 Qe7 28. Rxa5 Rxa5 29. Qxa5 Rg8 30. Qc5 Qd7 31. a4 Bf5 32. b4 Bg4 33. Bxg4 Rxg4 34. b5 Rg5 35. bxc6 bxc6 36. Qf8+ Kh7 37. Rb1 Rg8 38. Qc5 Rg5 39. Qc2+ Kg7 40. Rc1 Qd5 41. g3 Rxh5 42. e4 Qxd4 43. Qxc6 Ra5 44. Rc4 Qd1+ 45. Kg2 Rh5 46. Rc1 Qg4 47. f3 Qh3+ 48. Kf2 Qh2+ 49. Ke3 Qxg3 50. Qc7 Qxc7 51. Rxc7 Ra5 52. Rc4 Kg6 53. Kd4 f5 54. Kc3 fxe4 55. fxe4 h5 56. Kb4 Ra8 57. a5 h4 58. e5 Kg5 59. a6 h3 60. Kb5 h2 61. Rc1 Kf5 62. Kb6 Kxe5 63. Rh1 f5 64. Rxh2 f4 65. Re2+ Kf5 66. Kb7 Rf8 67. a7 e5 68. Kb6 f3 69. Rf2 Kf4 70. Kc5 Ra8 71. Ra2 e4 72. Kd4 Rd8+ 73. Kc5 Ra8 74. Kd4 e3 75. Kd3 f2 76. Ke2 Kg3 77. Ra5 Kg2 78. Rg5+ Kh2 79. Ra5 Rf8 80. a8=Q Rxa8 81. Kxe3 f1=Q 82. Rxa8 Qe1+ 83. Kd4 Qd1+ 84. Kc5 Qe1 85. Kb6 Kg3 86. Kb7 Kf4 87. Rf8+ Kg5 88. Rg8+ Kf6 89. Rc8 Qb4+ 90. Kc7 Qa4 91. Rb8 Ke6 92. Rb6+ Kd5 93. Rd6+ Kc5 94. Rd7 Qa7+ 95. Kd8 Qb6+ 96. Ke7 Qg6 97. Kd8 Qe6 98. Kc7 Qb6+ 99. Kc8 Qf6 100. Kc7 Qe6 101. Kc8 Qe8+ 102. Kc7 Kb5 103. Rd8 Qe7+ 104. Kc8 Qa7 105. Rd7 Qa8+ 106. Kc7 Kc5 107. Rd8 Qa7+ 108. Kc8 Kc6 109. Rd6+ Kxd6 0-1


[Site "https://www.chess.com"]

[Event "Titled Tuesday Blitz August 08 Early 2023"]
[White "Palczert, Matyas"]
[Black "Fantastic_Power"]
[WhiteFideId "784958"]
[WhiteElo "2553"]
[BlackElo "2789"]
[Result "0-1"]
[Round "2"]
[TimeControl "180+1"]
[Date "2023.08.08"]
[WhiteClock "0:00:01"]
[BlackClock "0:00:04"]
[Board "73"]

1. e4 c5 2. Nf3 e6 3. d4 cxd4 4. Bg5 Qb6 5. Qxd4 Qxd4 6. Nxd4 a6 7. Nd2 Nc6 8. Nxc6 bxc6 9. e5 f6 10. Bf4 fxe5 11. Bxe5 d6 12. Bg3 Nf6 13. Nc4 e5 14. O-O-O Nd5 15. Be2 Be6 16. Bf3 Rb8 17. Ne3 Rb5 18. c4 Rc5 19. b3 Nxe3 20. fxe3 Be7 21. Be1 a5 22. e4 Bg5+ 23. Kc2 Be3 24. Rxd6 Ke7 25. Rd3 Bd4 26. Bh4+ Kd6 27. Bf2 Kc7 28. Bxd4 exd4 29. Rxd4 Re5 30. Rhd1 g5 31. h3 h5 32. g4 Rf8 33. R1d3 h4 34. Kd2 c5 35. Rd5 Bxd5 36. cxd5 Kd6 37. Ke3 Re7 38. Rc3 Rc7 39. Rc4 Rcf7 40. Be2 Rf2 41. Ra4 Rh2 42. Rxa5 Rxh3+ 43. Kd2 Rh2 44. Ra6+ Ke5 45. Kd3 Rh3+ 46. Kc4 Kxe4 47. Re6+ Kf4 48. d6 Re3 49. Rxe3 Kxe3 50. Kxc5 h3 51. Kc6 h2 52. d7 h1=Q+ 0-1


[Site "https://www.chess.com"]

[Event "Titled Tuesday Blitz August 08 Early 2023"]
[White "Krzyzanowski, Marcin"]
[Black "Zubarev, Alexander"]
[WhiteFideId "1132199"]
[BlackFideId "14104385"]
[WhiteElo "2787"]
[BlackElo "2551"]
[Result "1/2-1/2"]
[Round "2"]
[TimeControl "180+1"]
[Date "2023.08.08"]
[WhiteClock "0:00:02"]
[BlackClock "0:00:04"]
[Board "74"]

1. e4 g6 2. d4 Bg7 3. Nc3 d6 4. f4 a6 5. Nf3 b5 6. Bd3 Nd7 7. O-O c5 8. e5 cxd4 9. Be4 Rb8 10. Qxd4 Nh6 11. Kh1 O-O 12. b4 dxe5 13. fxe5 Nxe5 14. Bxh6 Qxd4 15. Nxd4 Bxh6 16. Nd5 e6 17. Ne7+ Kh8 18. Rae1 Bg7 19. Ndc6 Nxc6 20. Nxc6 Rb6 21. Bf3 Bd7 22. Ne5 Bxe5 23. Rxe5 Bc6 24. Rc5 Bxf3 25. Rxf3 Rd6 26. h3 Kg7 27. Ra3 Rfd8 28. Kh2 R8d7 29. Rf3 h5 30. a3 h4 31. c4 bxc4 32. Rxc4 f6 33. Rxh4 Rd3 34. a4 Rxf3 35. gxf3 Rd2+ 36. Kg3 Rb2 37. a5 f5 38. Rc4 Kf6 39. h4 Rb3 40. Kf2 Rb2+ 41. Kg3 Rb3 42. Rd4 Rb1 43. Rd6 Rxb4 44. Rxa6 Ra4 45. Ra8 Ra3 46. a6 Kg7 47. Kf4 Kf6 48. Rf8+ Kg7 49. Ra8 Kf6 50. a7 Ra4+ 51. Kg3 Kg7 52. Kf2 Ra3 53. Ke2 e5 54. Kf2 e4 55. fxe4 fxe4 56. Ke2 e3 57. Kf3 Kh7 58. Ke2 Kg7 59. Kf3 Kh7 60. Ke2 Kg7 1/2-1/2


[Site "https://www.chess.com"]

[Event "Titled Tuesday Blitz August 08 Early 2023"]
[White "Shvedova, Alexandra"]
[Black "Sychev, Klementy"]
[WhiteFideId "54154782"]
[BlackFideId "4114060"]
[WhiteElo "2549"]
[BlackElo "2778"]
[Result "1/2-1/2"]
[Round "2"]
[TimeControl "180+1"]
[Date "2023.08.08"]
[WhiteClock "0:00:09"]
[BlackClock "0:00:06"]
[Board "75"]

1. e4 e5 2. Nf3 Nc6 3. Bc4 Nf6 4. d3 Bc5 5. O-O O-O 6. h3 d6 7. a4 a5 8. c3 h6 9. Nbd2 Be6 10. Re1 Ba7 11. Bb3 Re8 12. Nf1 d5 13. exd5 Bxd5 14. Bc2 Qd7 15. Be3 Bxe3 16. Nxe3 Be6 17. Qe2 Rad8 18. Rad1 Nd5 19. Nxd5 Bxd5 20. Nd2 Qe6 21. Nf1 Qf6 22. Ne3 Be6 23. Ng4 Qg5 24. Qe3 Bf5 25. Nh2 Qg6 26. Nf3 Qf6 27. Nd2 Kh8 28. Ne4 Qh4 29. Qg3 Qxg3 30. Nxg3 Bg6 31. f3 f6 32. Kf2 Rd7 33. h4 Red8 34. Re3 Ne7 35. h5 Bh7 36. Rd2 Nd5 37. Re1 Nf4 38. Ne4 Bxe4 39. Rxe4 Nxd3+ 40. Bxd3 Rxd3 41. Rxd3 Rxd3 42. Ke2 Rd7 43. Rc4 Kg8 44. b4 axb4 45. cxb4 Kf7 46. b5 Ke6 47. Ke3 Kd5 48. Rc2 f5 49. Rd2+ Ke6 50. Rc2 Ke7 51. a5 Kd8 52. a6 bxa6 53. bxa6 f4+ 54. Ke4 Rd4+ 55. Kxe5 Ra4 56. Rc6 Ra5+ 57. Kxf4 Rxh5 58. Rg6 Ra5 59. Ke4 Kc8 60. f4 Kb8 61. f5 Kc8 62. g4 Kd8 63. Kd4 Kc8 64. Ke4 Kd8 65. Rxg7 Rxa6 66. Rg6 Ra4+ 67. Kd5 Kd7 68. Rg7+ Ke8 69. Ke6 Ra6+ 70. Ke5 Kf8 71. Rxc7 Ra4 72. Kf6 Ra6+ 73. Ke5 Ra4 74. Rc6 Rxg4 75. Rxh6 Ra4 76. Kf6 Ra6+ 77. Kg5 Rxh6 78. Kxh6 Kf7 79. Kg5 Kg7 80. f6+ Kf7 81. Kf5 Kf8 82. Kg6 Kg8 83. f7+ Kf8 84. Kf6 1/2-1/2


[Site "https://www.chess.com"]

[Event "Titled Tuesday Blitz August 08 Early 2023"]
[White "Mendez Fortes, Eduardo Jesus"]
[Black "Cherniaiev, Tykhon"]
[WhiteFideId "3502376"]
[BlackFideId "14182360"]
[WhiteElo "2547"]
[BlackElo "2773"]
[Result "0-1"]
[Round "2"]
[TimeControl "180+1"]
[Date "2023.08.08"]
[WhiteClock "0:00:06"]
[BlackClock "0:00:04"]
[Board "76"]

1. e4 e5 2. Nf3 Nc6 3. Bb5 a6 4. Ba4 Nge7 5. c3 Ng6 6. d4 exd4 7. cxd4 Be7 8. O-O O-O 9. Nc3 b5 10. Bb3 d6 11. h3 Na5 12. Bc2 c5 13. Be3 Nc4 14. Bc1 Bb7 15. b3 Nb6 16. d5 Bf6 17. Bd2 b4 18. Ne2 Bxa1 19. Qxa1 Re8 20. Ng3 f6 21. Nh2 a5 22. Ng4 a4 23. Qb2 axb3 24. axb3 Nd7 25. Nf5 Nde5 26. Nge3 Ba6 27. Re1 Nf4 28. Kh2 Ned3 29. Qb1 Nxe1 30. Bxe1 Ng6 31. f3 Ne5 32. Bg3 Qd7 33. Qd1 g6 34. Nh6+ Kg7 35. Nhg4 h5 36. Nxe5 Rxe5 37. f4 Ree8 38. f5 h4 39. Bxh4 g5 40. Bg3 Rh8 41. Qg4 Qe7 42. Kg1 Bb5 43. h4 Ra1+ 44. Kf2 Kf7 45. hxg5 fxg5 46. e5 dxe5 47. Be4 Qa7 48. d6 Qa2+ 49. Nc2 Rf1+ 50. Ke3 Qb2 51. Bd5+ Kf8 52. Bc4 Qc3+ 53. Ke2 Bxc4+ 54. Qxc4 Qxc4+ 55. bxc4 Rc1 56. Ne3 Kf7 57. Bxe5 Re8 58. Bg3 Rc3 59. Bf2 b3 60. Kd2 Rcxe3 61. Bxe3 b2 62. d7 b1=Q 0-1


[Site "https://www.chess.com"]

[Event "Titled Tuesday Blitz August 08 Early 2023"]
[White "Srihari L R"]
[Black "Kuzmin, Roman"]
[WhiteFideId "46617116"]
[BlackFideId "44134932"]
[WhiteElo "2772"]
[BlackElo "2546"]
[Result "1-0"]
[Round "2"]
[TimeControl "180+1"]
[Date "2023.08.08"]
[WhiteClock "0:01:51"]
[BlackClock "0:01:52"]
[Board "77"]

1. b3 Nf6 2. Bb2 e6 3. e3 d5 4. Nf3 Be7 5. g3 O-O 6. Bg2 c5 7. O-O Nc6 8. c4 dxc4 9. bxc4 Rb8 10. Qe2 b6 11. Nc3 a6 12. Rfd1 Qc7 13. Rac1 Rd8 14. d4 cxd4 15. exd4 Bb7 16. d5 Na5 17. dxe6 Qxc4 18. exf7+ Qxf7 19. Ng5 Qc4 20. Qxe7 Bxg2 21. Rxd8+ 1-0


[Site "https://www.chess.com"]

[Event "Titled Tuesday Blitz August 08 Early 2023"]
[White "Aradhya, Garg"]
[Black "LeoLV10"]
[WhiteFideId "25006746"]
[WhiteElo "2767"]
[BlackElo "2543"]
[Result "1/2-1/2"]
[Round "2"]
[TimeControl "180+1"]
[Date "2023.08.08"]
[WhiteClock "0:00:06"]
[BlackClock "0:00:13"]
[Board "78"]

1. d4 Nf6 2. Nf3 e6 3. Bg5 Be7 4. c4 d5 5. Nc3 c6 6. e3 Nbd7 7. Rc1 O-O 8. Qc2 h6 9. Bh4 b6 10. cxd5 exd5 11. Bd3 Bb7 12. O-O Rc8 13. a3 Re8 14. b4 Ba8 15. Ba6 Rb8 16. Bg3 Bb7 17. Qd3 Bxa6 18. Qxa6 Ra8 19. Qb7 Qc8 20. Qxc8 Rexc8 21. Rc2 c5 22. bxc5 bxc5 23. Nb5 a6 24. Nd6 Rc6 25. dxc5 Rxc5 26. Rfc1 Rxc2 27. Rxc2 Nf8 28. Nd4 Ne4 29. N4f5 Bxd6 30. Bxd6 Ne6 31. Be5 f6 32. Bb2 Rb8 33. f3 N4c5 34. Ne7+ Kf7 35. Nxd5 Nd3 36. Nb4 Nxb4 37. axb4 Rxb4 38. Rd2 Rb7 39. Bc3 Rc7 40. Ba5 Rc1+ 41. Kf2 Ra1 42. Rd7+ Ke8 43. Rd5 Kf7 44. h4 Nf8 45. h5 Ke6 46. e4 Nd7 47. Bb4 Ne5 48. Rd6+ Kf7 49. Bc3 Ra2+ 50. Kg3 Ke7 51. Bxe5 fxe5 52. Rg6 Kf7 53. Rb6 a5 54. Kh3 a4 55. Ra6 a3 56. g3 Ra1 57. Kg4 a2 58. Kf5 Rf1 59. Rxa2 Rxf3+ 60. Kxe5 Rxg3 61. Ra7+ Ke8 62. Ke6 Kd8 63. e5 Rg5 64. Ra8+ Kc7 65. Rg8 Kc6 66. Rc8+ Kb7 67. Rg8 Kc6 68. Kf7 Rxe5 69. Kxg7 Rxh5 70. Kh7 Rg5 71. Rg6+ Rxg6 72. Kxg6 Kd5 73. Kh5 Ke4 74. Kxh6 1/2-1/2


[Site "https://www.chess.com"]

[Event "Titled Tuesday Blitz August 08 Early 2023"]
[White "Dobrikov, Marco"]
[Black "Gan-Od, Sereenen"]
[WhiteFideId "12950378"]
[BlackFideId "4901304"]
[WhiteElo "2541"]
[BlackElo "2767"]
[Result "0-1"]
[Round "2"]
[TimeControl "180+1"]
[Date "2023.08.08"]
[WhiteClock "0:00:23"]
[BlackClock "0:00:09"]
[Board "79"]

1. d4 Nf6 2. Bf4 e6 3. e3 d5 4. c3 Bd6 5. Ne2 O-O 6. Nd2 c5 7. Bxd6 Qxd6 8. g3 Nc6 9. Bg2 e5 10. Nb3 c4 11. Nd2 Bf5 12. O-O Bd3 13. Re1 e4 14. Nf4 b5 15. Nxd3 cxd3 16. Nb3 a5 17. Nc5 Nd7 18. Nb3 a4 19. Nd2 Nb6 20. b3 f5 21. f3 Ra7 22. c4 bxc4 23. bxc4 dxc4 24. Rc1 Qb4 25. a3 Qxa3 26. Nxc4 Nxc4 27. Rxc4 Nb4 28. fxe4 Nc2 29. Rxc2 dxc2 30. Qxc2 Qb3 31. Qc5 Qb8 32. e5 a3 33. Bd5+ Kh8 34. Ra1 Rc8 35. Qd6 Qxd6 36. exd6 Rd8 37. Rc1 g6 38. Kf1 Rxd6 39. Ba2 Rb6 40. Ke1 Rb2 0-1


[Site "https://www.chess.com"]

[Event "Titled Tuesday Blitz August 08 Early 2023"]
[White "Mekhitarian, Krikor Sevag"]
[Black "Bettalli, Francesco"]
[WhiteFideId "2107660"]
[BlackFideId "2816453"]
[WhiteElo "2764"]
[BlackElo "2538"]
[Result "0-1"]
[Round "2"]
[TimeControl "180+1"]
[Date "2023.08.08"]
[WhiteClock "0:00:05"]
[BlackClock "0:00:07"]
[Board "80"]

1. Nf3 g6 2. c4 Bg7 3. e4 c5 4. d4 cxd4 5. Nxd4 Nc6 6. Be3 Nf6 7. Nc3 O-O 8. Be2 d6 9. Nc2 a5 10. O-O Nd7 11. Qd2 Nc5 12. f3 Be6 13. Rab1 Nb4 14. Nd4 Rc8 15. Rfc1 Nba6 16. Nd5 Bxd5 17. cxd5 Qb6 18. Nb5 f5 19. exf5 Rxf5 20. Kh1 Nb4 21. Bc4 Nxa2 22. Re1 Nb4 23. Bg1 Qd8 24. b3 Nd7 25. f4 Qf8 26. g3 g5 27. Nd4 Bxd4 28. Bxd4 Nf6 29. fxg5 Nfxd5 30. Kg2 b5 31. Bd3 Nxd3 32. Qxd3 e5 33. Rf1 exd4 34. Kg1 Ne3 35. Rfc1 Rxc1+ 36. Rxc1 a4 37. bxa4 bxa4 38. h4 a3 39. g6 hxg6 40. g4 Nxg4 41. Qxd4 Ne5 42. Qd5+ Qf7 43. Qg2 Nf3+ 44. Kh1 Nxh4 45. Rc8+ Kg7 46. Qa8 Nf3 47. Qxa3 Rh5+ 48. Kg2 Ne1+ 49. Kg1 Rh1+ 50. Kxh1 Qf1+ 51. Kh2 Qg2# 0-1


[Site "https://www.chess.com"]